 Dungeon Crawl Stone Soup version 0.28.0-53-g5a82cb258f (webtiles) character file.

Game seed: 2536081981523579273

67732 karrick the Eclecticist (level 15, 126/126 HPs)
             Began as a Djinni Fire Elementalist on Feb 19, 2022.
             Was an Initiate of Jiyva.
             Quit the game on level 12 of the Dungeon on July 12, 2022.
             The game lasted 01:58:58 (20506 turns).

karrick the Eclecticist (Djinni Fire Elementalist) Turns: 20506, Time: 01:58:59

Health: 126/126    AC: 14    Str: 11    XL:     15   Next: 67%
Gold:   1283       EV: 17    Int: 20    God:    Jiyva [......] SH:  0 Dex: 16

rFire   + . .      SeeInvis .   v - +0 long sword
rCold   x . .      Faith    .   (no shield)
rNeg    . . .      Spirit   .   k - +0 troll leather armour {Pargi}
rPois   ∞          Reflect  .   i - +2 helmet
rElec   .          Harm     .   T - scarf {repulsion}
rCorr   .          Rampage  .   A - +0 pair of gloves
Will    +....                   (boots unavailable)
Stlth   ++........              P - amulet of Vitality {Regen+ HP+15}
HPRegen 1.91/turn               y - +4 ring of protection
MPRegen 0.00/turn               N - ring of Uhiehu {Wiz +Blink rF- Dex+2}

@: marked, flying, repel missiles
A: sickness immunity, fire resistance 2, cold vulnerability 1, float, innate
caster, HP casting, extra vitality 1
a: Renounce Religion, Evoke Blink


You were on level 12 of the Dungeon.
You worshipped Jiyva.
Jiyva was noncommittal.
You visited 3 branches of the dungeon, and saw 20 of its levels.
You also visited: Sewer, Gauntlet, Ice Cave and Volcano.

You collected 1283 gold pieces.

Inventory:

Hand Weapons
 p - a +2 rapier of flaming
 v - a +0 long sword (weapon)
 I - a +1 vorpal war axe
 R - a +2 great sword of flaming
 W - a +2 rapier of electrocution
 X - the +6 rapier of Floods {freeze, *Rage rElec rPois SInv}
   (You found it on level 3 of the Lair of Beasts)

   It freezes those it strikes, dealing additional cold damage.
   It can also slow down cold-blooded creatures.
   rElec:     It insulates you from electricity.
   rPois:     It protects you from poison.
   SInv:      It lets you see invisible.
   *Rage:     It berserks you when you make melee attacks (+20% chance).
Armour
 a - a +4 scale mail of fire resistance
 f - a +1 cloak
 i - a +2 helmet (worn)
 k - a +0 troll leather armour (worn) {Pargi}
 A - a +0 pair of gloves (worn)
 C - a +2 robe of fire resistance
 L - +0 fire dragon scales
 T - a scarf of repulsion (worn)
 Y - a +0 leather armour of cold resistance
Magical Staves
 S - a staff of fire
Jewellery
 y - a +4 ring of protection (left hand)
 z - a ring of willpower
 K - a ring of resist corrosion
 N - the ring of Uhiehu (right hand) {Wiz +Blink rF- Dex+2}
   (You found it in a Gauntlet)

   [ring of wizardry]

   It improves your spell success rate.
   Dex:       It affects your dexterity (+2).
   rF:        It makes you vulnerable to fire.
   +Blink:    It lets you blink.
 P - the amulet of Vitality (around neck) {Regen+ HP+15}
   (You found it in a Gauntlet)

   [amulet of regeneration]

   HP:        It affects your health (+15).
   Regen:     It increases your rate of health regeneration.
Wands
 u - a wand of iceblast (13)
 x - a wand of paralysis (6)
 F - a wand of acid (10)
 H - a wand of polymorph (16)
 M - a wand of digging (8)
 U - a wand of flame (34)
Scrolls
 c - a scroll of brand weapon {unknown}
 d - 6 scrolls of teleportation
 m - 2 scrolls of blinking
 n - 4 scrolls of fear
 q - a scroll of noise
 r - 2 scrolls of magic mapping
 s - 2 scrolls of fog
 t - 3 scrolls of amnesia
 w - a scroll of holy word
 D - 2 scrolls of enchant armour
 G - 4 scrolls of immolation
 Q - 3 scrolls of enchant weapon
Potions
 b - 4 potions of attraction
 e - 4 potions of invisibility
 g - 3 potions of mutation
 h - 8 potions of curing
 j - 2 potions of might
 l - 3 potions of haste
 o - a potion of magic
 B - 2 potions of lignification
 E - a potion of ambrosia {unknown}
 J - 5 potions of heal wounds {unknown}
 V - a potion of flight {unknown}
 Z - 2 potions of cancellation {unknown}
Miscellaneous
 O - a tin of tremorstones (2/2)


   Skills:
 * Level 11.3 Fighting
 + Level 6.8 Long Blades
 + Level 7.4 Armour
 + Level 10.9 Dodging
 - Level 2.4 Stealth
 - Level 15.2 Spellcasting
 * Level 1.9 Invocations
 + Level 0.8 Evocations


You had 6 spell levels left.
You knew the following spells:

 Your Spells              Type           Power      Damage    Failure   Level
a - Foxfire               Conj/Fire      100%       2x1d9     0%          1
b - Scorch                Fire           100%       2d10      0%          2
c - Conjure Flame         Conj/Fire      66%        6-21      1%          3
d - Inner Flame           Hex/Fire       66%        N/A       1%          3
e - Flame Wave            Conj/Fire      66%        2d12      1%          4
f - Apportation           Tloc           100%       N/A       0%          1
g - Wereblood             Tmut           66%        N/A       0%          2
h - Swiftness             Air            66%        N/A       1%          3
i - Summon Ice Beast      Ice/Summ       66%        N/A       1%          4
j - Hailstorm             Conj/Ice       66%        3d14      1%          4
k - Lee's Rapid Deconstr  Erth           33%        3d18*     1%          5
l - Eringya's Noxious Bo  Tmut/Pois      33%        N/A       1%          6
Your spell library was empty.

Dungeon Overview and Level Annotations

Branches:
Dungeon (13/15)            Temple (1/1) D:5            Lair (6/6) D:11
 Shoals (0/4) Lair:4       Spider (0/4) Lair:2        Slime (0/5) Lair:6
  Sewer (visited)           IceCv (visited)         Volcano (visited)
Gauntlet (visited)
    Orc: D:9-12      Vaults: D:13-14

Altars:
Ashenzari
Cheibriados
Dithmenos
Elyvilon
Fedhas
Gozag
Hepliaklqana
Kikubaaqudgha
Makhleb
Nemelex Xobeh
Okawaru
Qazlal
Ru
Sif Muna
Trog
Uskayaw
Vehumet
Wu Jian
Xom
Yredelemnul
Zin
The Shining One
Jiyva

Shops:
D:5 *   D:7 =

Annotations:
D:9 3 runed translucent doors, JJisdabomb's ghost, novice DsGl
D:11 2 runed translucent doors, exclusion: orange crystal statue, Erolcha
D:13 Kirke


Innate Abilities, Weirdness & Mutations

You are immune to sickness and miasma.
You are immune to poison.
Your flesh is very heat resistant. (rF++)
You are vulnerable to cold. (rC-)
You float through the air rather than walking.
You learn spells naturally, not from books.
Your magical power is your life essence.
You have superior vitality. (+4 MHP)


Message History

Something hits you but does no damage. Something barely misses you.
Something hits you but does no damage. Something completely misses you.
Something closely misses you. Something hits you.
There is a stone staircase leading up here.
Something hits you but does no damage. Something barely misses you.
You hear a distant slurping noise.
Something hits you. The hog completely misses you. Something hits you!
Something hits you but does no damage. The hog bites you but does no damage.
Something hits you but does no damage.
You fly upwards.
Reactivating autopickup.
There is a stone staircase leading down here.
Welcome back, karrick the Djinni Fire Elementalist.
Long live the new flesh!
Press ? for a list of commands and other information.
Welcome back, karrick the Djinni Fire Elementalist.
Slime for the Slime God!
Press ? for a list of commands and other information.
You barely miss the hog. The hog bites you but does no damage.
You hit the hog.
The hog is lightly wounded.
The hog closely misses you. x2
You closely miss the hog.
The hog is lightly wounded.
The hog closely misses you.
You hit the hog.
The hog is moderately wounded.
The hog bites you but does no damage.
You hit the hog.
The hog is heavily wounded.
The hog barely misses you. The hog closely misses you.
You slash the hog!
The hog is severely wounded.
The hog barely misses you.
You slash the hog!
You kill the hog!
Jiyva gurgles merrily.
No target in view!
No target in view!
Are you sure you want to abandon this character and quit the game? (Confirm with "yes".)

#..........# #.#......
#..........######....###.
#...[.............#.####.
#.[........##....##.###..
######..####............#
##.##...#.#####.#...
#..................
#####.#.............
#..@†..............#
###.####..............
#..............####..Y
##.####.......##.....#
#.....##........#####
####..##.........###
#......###.[.....# ####
#.####......[....# #...
#.# ####..÷....## #...


There were no monsters in sight!

Vanquished Creatures
  Gastronok (Lair:2)
  7 hydras
  A catoblepas (Lair:6)
  7 two-headed ogres
  An ogre mage (Volcano)
  A deep troll shaman (Lair:6)
  A death yak (Lair:6)
  A hell knight (Volcano)
  A manticore (D:12)
  A cyclops (D:12)
  An elephant (Lair:6)
  5 black mambas
  7 cane toads
  6 komodo dragons
  An unseen horror (D:11)
  3 rime drakes
  An ice devil (IceCv)
  2 polar bears (Lair:6)
  2 trolls
  22 blink frogs
  A raiju (Gauntlet)
  2 slime creatures (D:12)
  3 dream sheep (Lair:6)
  A jumping spider (Lair:2)
  A spriggan (Lair:3)
  A water elemental (D:11)
  A dire elephant simulacrum (IceCv)
  A vampire (D:12)
  3 wyverns
  2 fire bats (Gauntlet)
  Eustachio (D:6)
  2 hogs
  44 yaks
  2 basilisks
  3 shadows
  A steam dragon (D:8)
  2 redbacks (Lair:2)
  4 vampire mosquitoes (D:11)
  A death yak simulacrum (IceCv)
  An acid dragon (D:9)
  3 hell hounds (Gauntlet)
  12 water moccasins
  Pargi (Sewer)
  2 sky beasts
  A hornet zombie (D:8)
  6 ice beasts
  A black bear (Lair:2)
  An orc warrior (D:9)
  2 ogres (D:4)
  12 wolves
  5 centaurs
  2 necrophages
  3 phantoms
  18 bullfrogs
  A gnoll sergeant (D:8)
  A scorpion (D:6)
  A two-headed ogre simulacrum (IceCv)
  A wyvern skeleton (D:7)
  11 killer bees
  An elephant simulacrum (IceCv)
  9 electric eels
  A bullfrog zombie (D:7)
  4 centaur zombies
  3 jellies
  7 orc priests
  A hound (D:5)
  2 centaur skeletons
  5 iguanas
  4 orc wizards
  2 troll simulacra (IceCv)
  2 spriggan simulacra (IceCv)
  A hound zombie (D:5)
  8 gnolls
  7 adders
  2 naga simulacra (IceCv)
  A shadow imp (D:5)
  13 white imps
  4 ufetubi
  3 worms (D:2)
  4 dart slugs
  19 orcs
  6 ball pythons
  4 bats
  6 endoplasms
  3 giant cockroaches
  5 goblins
  4 hobgoblins
  8 kobolds
  3 quokkas
  8 frilled lizards
  4 rats
  A bush (D:12)
388 creatures vanquished.

Vanquished Creatures (collateral kills)
  A boulder beetle (Lair:6)
  A catoblepas (D:12)
  5 hydras
  2 death yaks (Lair:6)
  A hell hog (Gauntlet)
  A soul eater (Gauntlet)
  2 lindwurms
  A manticore (D:12)
  A cyclops (D:12)
  3 oklob plants (D:11)
  3 elephants
  A torpor snail (Lair:6)
  4 black mambas
  4 cane toads
  A rime drake (Lair:6)
  7 komodo dragons
  A polar bear (Lair:6)
  2 trolls
  A slime creature (D:12)
  4 blink frogs (Lair:4)
  A culicivora (Lair:2)
  A wyvern (D:9)
  A vampire (D:11)
  29 yaks
  Grum (D:10)
  2 fire bats (Gauntlet)
  An acid dragon (D:12)
  4 water moccasins
  An orc warrior (D:9)
  6 wolves
  3 killer bees (D:10)
  A bullfrog zombie (D:6)
  6 hell rats (Lair:2)
  A lightning spire (Gauntlet)
  2 orcs (D:9)
  88 foxfires
194 creatures vanquished.

Vanquished Creatures (others)
  A basilisk (Lair:5)
  A wolf (D:10)
  9 jellies
  2 bushes
  3195 foxfires
  57 fungi
  109 plants
3374 creatures vanquished.

Grand Total: 3956 creatures vanquished

Notes
Turn   | Place    | Note
-------+----------+-------------------------------------------
     0 | D:1      | karrick the Djinni Fire Elementalist began the quest for
                  | the Orb.
     0 | D:1      | Reached XP level 1. HP: 15/15 MP: 0/0
   271 | D:1      | Reached XP level 2. HP: 12/22 MP: 0/0
   658 | D:1      | Reached skill level 3 in Spellcasting
   658 | D:1      | Reached XP level 3. HP: 19/26 MP: 0/0
   658 | D:1      | Learned a level 1 spell: Apportation
   946 | D:1      | Got the Almanac of Combat Magic
  1676 | D:2      | Reached XP level 4. HP: 27/31 MP: 0/0
  2884 | D:4      | Reached XP level 5. HP: 35/36 MP: 0/0
  2884 | D:4      | Learned a level 2 spell: Wereblood
  2943 | D:4      | Found a glowing drain.
  2947 | Sewer    | Entered a sewer
  2967 | Sewer    | Noticed Pargi
  3048 | Sewer    | Killed Pargi
  3049 | Sewer    | Reached skill level 4 in Spellcasting
  3049 | Sewer    | Reached XP level 6. HP: 33/41 MP: 0/0
  3207 | D:4      | Noticed a necrophage
  3258 | D:4      | Killed a necrophage
  3525 | D:4      | Reached skill level 5 in Spellcasting
  3530 | D:4      | Reached XP level 7. HP: 46/46 MP: 0/0
  3530 | D:4      | Learned a level 3 spell: Swiftness
  3788 | D:5      | Entered Level 5 of the Dungeon
  4005 | D:5      | Found Koyg's Lightly-Used Armoury.
  4014 | D:5      | Reached skill level 1 in Armour
  4262 | D:5      | Reached skill level 6 in Spellcasting
  4262 | D:5      | Reached XP level 8. HP: 51/51 MP: 0/0
  4469 | D:5      | Found a staircase to the Ecumenical Temple.
  4482 | Temple   | Entered the Ecumenical Temple
  4835 | Temple   | Became a worshipper of Elyvilon the Healer
  5034 | D:4      | Reached skill level 1 in Fighting
  5494 | D:7      | Reached skill level 7 in Spellcasting
  5511 | D:7      | You are sucked into a shaft and drop 3 floors!
  5511 | D:10     | Entered Level 10 of the Dungeon
  5522 | D:11     | Noticed a troll
  5574 | D:11     | Noticed a troll
  5642 | D:9      | Reached * piety under Elyvilon
  5985 | D:7      | Reached XP level 9. HP: 57/57 MP: 0/0
  5985 | D:7      | Learned a level 4 spell: Summon Ice Beast
  6336 | D:7      | Found Teastots's One-of-a-Kind Rings.
  6537 | D:8      | Reached ** piety under Elyvilon
  6571 | D:8      | Reached skill level 1 in Long Blades
  6836 | D:8      | Reached skill level 8 in Spellcasting
  6902 | D:8      | Reached skill level 5 in Armour
  6983 | D:8      | Reached XP level 10. HP: 64/64 MP: 0/0
  7433 | D:9      | Reached skill level 9 in Spellcasting
  7510 | D:9      | Found a runed translucent gate.
  7510 | D:9      | Found a runed translucent gate.
  7513 | D:9      | Found a runed translucent gate.
  7515 | D:9      | Noticed JJisdabomb's ghost (novice DsGl)
  7515 | D:9      | Noticed a spectral centaur warrior
  7763 | D:9      | Reached *** piety under Elyvilon
  8062 | D:9      | Noticed a deep elf pyromancer
  8139 | D:10     | Noticed Grum
  8160 | D:9      | Reached skill level 10 in Spellcasting
  8273 | D:10     | Reached skill level 5 in Dodging
  8273 | D:10     | Reached XP level 11. HP: 49/71 MP: 0/0
  8273 | D:10     | Learned a level 4 spell: Hailstorm
  8747 | D:10     | Killed Grum
  9042 | D:10     | Reached **** piety under Elyvilon
  9147 | D:11     | Noticed an orange crystal statue
  9223 | D:11     | Found a large runed translucent door.
  9223 | D:11     | Found a large runed translucent door.
  9224 | D:11     | Found a shimmering altar of Xom.
  9224 | D:11     | Noticed a cyan ugly thing
  9224 | D:11     | Noticed a brown ugly thing
  9224 | D:11     | Noticed a green ugly thing
  9392 | D:11     | Noticed an oklob plant
  9403 | D:11     | Found a staircase to the Lair.
  9403 | D:11     | Noticed an oklob plant
  9403 | D:11     | Noticed an oklob plant
  9667 | D:11     | Noticed a two-headed ogre
  9687 | D:11     | Reached skill level 5 in Fighting
  9687 | D:11     | Reached skill level 11 in Spellcasting
  9728 | D:11     | Killed a two-headed ogre
 10141 | D:11     | Noticed Erolcha
 10153 | D:12     | Noticed a manticore
 10327 | D:6      | Noticed Eustachio
 10337 | D:6      | Killed Eustachio
 10426 | D:6      | Reached ***** piety under Elyvilon
 10428 | D:6      | Found a sacrificial altar of Ru.
 10499 | D:6      | Reached XP level 12. HP: 81/81 MP: 0/0
 11396 | D:12     | Reached skill level 12 in Spellcasting
 11493 | D:12     | Noticed a catoblepas
 11981 | D:12     | Killed a catoblepas
 12289 | Lair:1   | Entered Level 1 of the Lair of Beasts
 12307 | Lair:1   | Noticed a five-headed hydra
 12314 | Lair:1   | Found a gate leading to a gauntlet.
 12330 | Gauntlet | Entered a Gauntlet
 12330 | Gauntlet | Found a transporter.
 12330 | Gauntlet | Found a transporter.
 12335 | Gauntlet | Noticed a fire crab
 12340 | Gauntlet | Found a transporter.
 12352 | Gauntlet | Found a transporter.
 12364 | Gauntlet | Noticed an entropy weaver
 12369 | Gauntlet | Found a transporter.
 12382 | Gauntlet | Found a transporter.
 12384 | Gauntlet | Noticed a death scarab
 12385 | Gauntlet | Noticed a death scarab
 12402 | Gauntlet | Found a transporter.
 12470 | Gauntlet | Noticed a soul eater
 12472 | Gauntlet | Found a transporter.
 12481 | Gauntlet | Found a transporter.
 12484 | Gauntlet | Found a transporter.
 12491 | Gauntlet | Found a transporter.
 12501 | Gauntlet | Found a transporter.
 12503 | Gauntlet | Found a transporter.
 12503 | Gauntlet | Found the amulet of Vitality {Regen+ HP+15}
 12504 | Gauntlet | Noticed a hell hog
 12533 | Gauntlet | Found a transporter.
 12536 | Gauntlet | Found a transporter.
 12566 | Gauntlet | Noticed a balrug
 12606 | Gauntlet | Found a transporter.
 12726 | Gauntlet | Killed a soul eater
 12891 | Gauntlet | Identified the ring of Uhiehu {Wiz +Blink rF- Dex+2}
 12977 | Gauntlet | Killed a hell hog
 13100 | Gauntlet | Noticed a minotaur
 13148 | Lair:1   | You are sucked into a shaft and drop 1 floor!
 13164 | Lair:2   | Reached XP level 13. HP: 90/90 MP: 0/0
 13164 | Lair:2   | Learned a level 5 spell: Lee's Rapid Deconstruction
 13340 | Lair:2   | Noticed a four-headed hydra
 13353 | Lair:2   | Killed a four-headed hydra
 13358 | Lair:2   | Reached skill level 13 in Spellcasting
 13671 | Lair:1   | Reached ****** piety under Elyvilon
 13745 | Lair:1   | Killed a five-headed hydra
 14199 | Lair:2   | Noticed Gastronok
 14227 | Lair:2   | Killed Gastronok
 14298 | Lair:2   | Found a hole to the Spider Nest.
 14340 | Lair:2   | Reached skill level 5 in Long Blades
 14546 | Lair:2   | Noticed a seven-headed hydra
 14564 | Lair:2   | Killed a seven-headed hydra
 14798 | Lair:3   | Noticed a six-headed hydra
 14806 | Lair:3   | Killed a six-headed hydra
 14878 | Lair:3   | Reached skill level 14 in Spellcasting
 15235 | Lair:3   | Identified the +6 rapier of Floods {freeze, *Rage rElec
                  | rPois SInv}
 15402 | Lair:4   | Reached XP level 14. HP: 99/99 MP: 0/0
 15529 | Lair:4   | Found a dark tunnel.
 15575 | Volcano  | Entered a volcano
 15873 | Lair:4   | Found a frozen archway.
 15899 | IceCv    | Entered an ice cave
 16281 | Lair:4   | Found a staircase to the Shoals.
 16765 | Lair:4   | Reached skill level 15 in Spellcasting
 17530 | Lair:6   | Entered Level 6 of the Lair of Beasts
 17680 | Lair:6   | Reached skill level 10 in Fighting
 17945 | Lair:6   | Reached XP level 15. HP: 86/107 MP: 0/0
 17945 | Lair:6   | Learned a level 6 spell: Eringya's Noxious Bog
 18713 | Lair:6   | Reached skill level 10 in Dodging
 19001 | Lair:6   | Reached skill level 1 in Invocations
 19226 | Lair:6   | Found a staircase to the Slime Pits.
 19227 | Lair:6   | Found a viscous altar of Jiyva.
 19345 | Lair:6   | Fell from the grace of Elyvilon
 19345 | Lair:6   | Became a worshipper of Jiyva Joesmod the Shapeless
 19627 | Lair:6   | Upgraded the game from 0.28.0-1-gb440e238dd to
                  | 0.28.0-53-g5a82cb258f
 20423 | D:13     | Noticed Kirke
 20506 | D:12     | Quit the game

Illustrated notes

Levels and vault maps discovered:
D:1:      dpeg_arrival_arbitrary_b, layout_rooms, grunt_decor_arrowhead,
          hex_large, serial_bayou_pond_d
D:2:      layout_loops_cross, chequers_avenue, chequers_big_river,
          nicolae_wormholes
D:3:      layout_basic
D:4:      layout_cave_pods, gup_sewer_entry_bowl
D:5:      layout_basic, minmay_temple_entry_proselytizer, minmay_shop_damaged
D:6:      layout_rooms, mainiacjoe_overflow_tiny_flanked, serial_bayou,
          serial_bayou_shore_a, serial_bayou_lake_a, serial_bayou_lagoon_b,
          serial_bayou_pond_e, serial_bayou_pond_b, serial_bayou_crossing,
          uniq_eustachio
D:7:      layout_loops_ring, nicolae_shop_unique_rings
D:8:      layout_basic, serial_rivers, chequers_serial_rivers_small_a,
          chequers_serial_rivers_large_a, chequers_serial_rivers_large_b,
          chequers_serial_rivers_small_3, minmay_holes
D:9:      layout_small_grid, david_orc_1_choice, gammafunk_ghost_necromancy
D:10:     minmay_stone_box, layout_irregular_city, lemuel_flamethrower_2,
          uniq_grum
D:11:     due_chaos_kobolds, layout_basic, dpeg_oklobed_lair, uniq_erolcha
D:12:     layout_rooms, kb_lookout_dungeons_type
D:13:     layout_roguey, wad_rectangle_vault, uniq_kirke, uniq_frances
Temple:   mainiacjoe_temple_trianglar_array
Lair:1:   layout_chaotic_city, gauntlet_entry_generic,
          infiniplex_staircase_pool, grunt_megastairs_3
Lair:2:   layout_cave_shapes, nicolae_spider_entry_tight_spaces, st_stairs_11,
          nicolae_lair_lindhole, uniq_gastronok
Lair:3:   layout_gridlike, st_stairs_7, grunt_forest_large_clearing_hut
Lair:4:   layout_regular_city, elwin_shoals_entry_rocks,
          portal_ice_cave_entry_imps, nicolae_volcano_entry_lava_flow,
          evilmike_ambush [evilmike_ambush_outer_corners,
          evilmike_ambush_inner_wall_1]
Lair:5:   layout_regular_city, grunt_megastairs_5
Lair:6:   grunt_lair_end_beastmaster, layout_gridlike, slime_altar_1,
          minmay_shattered_shrine

Skill      XL: |  1  2  3  4  5  6  7  8  9 10 11 12 13 14 15 |
---------------+----------------------------------------------+-----
Spellcasting   | 3 4 5 6 7 8 10 11 12 14 15 | 15.2
Stealth        | 2 |  2.4
Armour         | 2 3 5 6 7 |  7.4
Dodging        | 3 4 5 6 7 8 9 10 | 10.9
Fighting       | 1 3 5 7 8 10 11 | 11.3
Long Blades    | 2 3 4 5 6 |  6.8
Invocations    | 1 |  1.9
Evocations     | |  0.8

Action                   |  1- 3 |  4- 6 |  7- 9 | 10-12 | 13-15 || total
-------------------------+-------+-------+-------+-------+-------++-------
Melee: Unarmed           |       |     1 |       |       |       ||     1
       Long sword        |       |       |    26 |   172 |   171 ||   369
       Punch             |       |       |       |     2 |     9 ||    11
 Cast: Foxfire           |    60 |    93 |   169 |   568 |   975 ||  1865
       Conjure Flame     |       |       |     8 |    15 |     9 ||    32
       Summon Ice Beast  |       |       |       |    46 |    88 ||   134
       Hailstorm         |       |       |       |     6 |     9 ||    15
       Flame Wave        |       |       |       |       |    95 ||    95
 Abil: Evoke Blink       |       |       |       |       |     2 ||     2
  Use: Scroll            |       |       |     1 |     7 |    25 ||    33
 Stab: Distracted        |       |       |       |     1 |     2 ||     3
       Sleeping          |       |       |       |       |     1 ||     1
Armor: Robe              |       |     1 |       |       |       ||     1
       Troll leather arm |       |     3 |    54 |   132 |   220 ||   409
       Leather armour    |       |       |       |       |     4 ||     4
Dodge: Dodged            |     5 |     3 |    51 |   221 |   505 ||   785
       Repelled          |       |       |       |       |     6 ||     6
